Jonadab, neutral female gnomish Wizard ----- |...| |...| #.....######## ## ###|<).|# # --------|---- # ---+-# ### |`.........`| --------### ### # |.....`.....| |......|# ##%...-.---...| |.....*|# |...|...|...| |......|# |..*|...|*..| F |.......# |...|...|....##G |......| |...-----..%| ## |......| |.....`.....| -------- |`.........`| . ------------- . - Jonadab the Conjurer Experience level: 4 Strength: 11 Dexterity: 14 Constitution: 10 Intelligence: 18 Wisdom: 10 Charisma: 9 Health: 0(23) Energy: 32(43) Def: 2 Gold: 0 Moves: 749 Dungeon seed: WwCmf5MkEEju1pqc Game ID: Jonadab_1498586959 Your Inventory: Weapons a - a blessed +1 quarterstaff (weapon in hands) o - 8 uncursed +0 darts Armor e - an uncursed +0 cloak of magic resistance (being worn) y - a cursed +0 helmet (being worn) Comestibles r - an uncursed pancake Scrolls i - a cursed scroll of confuse monster j - an uncursed scroll of scare monster k - an uncursed scroll of identify p - an uncursed scroll of enchant weapon t - a cursed scroll of blank paper Spellbooks l - a blessed spellbook of force bolt m - an uncursed spellbook of sleep Potions f - a cursed potion of confusion g - an uncursed potion of paralysis h - a blessed potion of blindness Rings c - an uncursed ring of polymorph control d - an uncursed ring of conflict Wands b - a cursed wand of digging (0:7) Tools s - a cursed skeleton key Gems n - an uncursed worthless piece of white glass q - a cursed worthless piece of yellow glass Spells and supernatural/magical abilities: Name Level Category Fail Memory a - force bolt 1 attack 0% 97% z - sleep 1 enchantment 0% 97% W - pray for help -- divine ? -- Your skills at the end: Fighting Skills Weapon Skills quarterstaff [Basic] Spellcasting Skills attack spells [Basic] enchantment spells [Basic] Final Attributes: You had strayed. You were magic-protected. You saw invisible. You had infravision. You are dead. Vanquished creatures: a rock piercer a paper golem a kitten a kobold lord a red mold 3 geckos 6 jackals a fox a kobold a goblin a grid bug a bat a kobold zombie a newt 21 creatures vanquished. Voluntary challenges: You were an atheist. You used a wielded weapon 27 times, starting on turn 43. You were illiterate. You never genocided any monsters. You never polymorphed an object. You never changed form. You used no wishes. You never split a pudding. You never wrote Elbereth's name. You violated your moral code, losing 24 points of alignment, starting on turn 1. Dungeon overview: The Dungeons of Doom: levels 1 to 5 Level 1 a long staircase Level 2 stairs to The Gnomish Mines Level 3 Level 4 Level 5 <- You were here The Gnomish Mines: Level 3 stairs to The Dungeons of Doom History has recorded: On T:1 you entered the Dungeons of Doom to retrieve the Amulet of Yendor! On T:1 you advanced to experience level 2. On T:43 you advanced to experience level 3. On T:89 you reached level 2 of The Dungeons of Doom. On T:260 you reached level 1 of The Gnomish Mines. On T:319 you reached level 3 of The Dungeons of Doom. On T:413 you reached level 4 of The Dungeons of Doom. On T:543 you reached level 5 of The Dungeons of Doom. On T:601 you advanced to experience level 4. On T:655 you received advice from The Oracle. Score breakdown: Gold: 0 ( 0 points) Experience: 4 levels ( 9649 points) Exploration: 5 levels ( 10.20%) ( 8660 points) Discoveries: 0 items ( 0.00%) ( 0 points) Valuables value: (no points given unless you survive) Artifact value: 0 ( 0 points) Variety of kills: 14 monsters ( 3.67%) ( 5750 points) Turncount: 749 turns ( 0 points) Survival: died (score multiplied by 80%) Total score: 19247 Latest messages: r - a pancake. You see here an unlabeled scroll. t - an unlabeled scroll. You kill the jackal! You see here 38 rocks. You miss the jackal. The jackal bites! You miss the jackal. The jackal misses. You kill the jackal! You see here a jackal corpse. This jackal corpse tastes terrible! You stop eating. The jackal bites! You miss the jackal. The jackal bites! You miss the jackal. The jackal bites! You kill the jackal! You see here a statue of a forest centaur. You see here a partly eaten jackal corpse. You miss the brown mold. You are suddenly very cold! You hit the brown mold! You are suddenly very cold! You die... Final status: Goodbye Jonadab the Wizard, killed by a brown mold... You died in The Dungeons of Doom on dungeon level 5 with 19247 points, and 0 pieces of gold, after 749 moves. You were level 4 with a maximum of 23 hit points when you died.